 Dungeon Crawl Stone Soup version 0.27-a0-1065-ge809cff456 (webtiles) character file.

Game seed: 10953178764012482543

9 shoop the Poker (level 2, 24/24 HPs)
             Began as a Merfolk Abyssal Knight on Apr 22, 2021.
             Was a Follower of Lugonu.
             Got out of the dungeon alive.
             The game lasted 00:00:44 (398 turns).

shoop the Poker (Merfolk Abyssal Knight)             Turns: 398, Time: 00:00:45

Health: 24/24      AC:  3    Str: 12    XL:     2   Next: 16%
Magic:  3/3        EV: 12    Int: 11    God:    Lugonu [*.....]
Gold:   23         SH:  0    Dex: 13    Spells: 1/1 levels left

rFire    . . .     SeeInvis .   a - +1 spear
rCold    . . .     Faith    .   (no shield)
rNeg     . . .     Spirit   .   b - +0 leather armour
rPois    .         Reflect  .   (no helmet)
rElec    .         Harm     .   (no cloak)
rCorr    .         Rampage  .   (no gloves)
Will     .....                  (no boots)
Stlth    +.........             (no amulet)
HPRegen  0.08/turn              (no ring)
MPRegen  0.08/turn              (no ring)

@: no status effects
A: (nimble swimmer 2), mertail
a: Renounce Religion, Depart the Abyss


You escaped.
You worshipped Lugonu.
Lugonu was aware of your devotion.
You visited 1 branch of the dungeon, and saw 1 of its levels.
You visited the Abyss 1 time.

You collected 23 gold pieces.

Inventory:

Hand Weapons
 a - a +1 spear (weapon)
Armour
 b - a +0 leather armour (worn)
Scrolls
 c - a scroll of blinking {unknown}


   Skills:
 - Level 3.2 Fighting
 + Level 4.2 Polearms
 - Level 0.6 Armour
 - Level 2.6 Dodging
 - Level 2.0 Invocations


You had one spell level left.
You didn't know any spells.
Your spell library was empty.

Dungeon Overview and Level Annotations

Branches:
Dungeon (1/15)

Altars:


Innate Abilities, Weirdness & Mutations

((You are quick and stealthy near water. (Stealth+, EV+, Speed+++)))
Your lower body shifts to a powerful aquatic tail in water.


Message History

You closely miss the frilled lizard.
The frilled lizard completely misses you.
You hit the frilled lizard.
You kill the frilled lizard!
Lugonu accepts your kill.
No target in view!
No target in view!
You open the door.
A kobold comes into view. It is wielding a +0 club.
The kobold throws a stone.
The stone hits you but does no damage.
Found a club.
The kobold throws a stone.
The stone misses you.
There is an open door here.
You reach to attack!
You miss the kobold. You closely miss the kobold. The kobold barely misses you.
You completely miss the kobold. The kobold hits you with a +0 club.
You closely miss the kobold. The kobold closely misses you.
You barely miss the kobold. The kobold hits you with a +0 club.
You hit the kobold.
You kill the kobold!
Lugonu accepts your kill.
No target in view!
Found a scroll labelled ILUR SUDWADIUL.
Things that are here:
a +0 club; 2 stones You see here a +0 club.
c - a scroll labelled ILUR SUDWADIUL You see here a +0 club.
Things that are here:
a +0 club; 2 stones
There is an open door here.
There is an open door here.
You see here a +0 short sword.
There is a huge open gate here.
There is an open gate here.
The orc shouts!
The goblin shouts!
There is a staircase leading out of the dungeon here.
Are you sure you want to leave the Dungeon?
This will make you lose the game!
You have escaped!

#.......#######'''#######
#.......#g#...........#o#
........###..8.###.8..###
........#≈.............≈#
#.......#≈.............≈#
#.#.....#≈§...........§§#
#.###...#≈§≈≈.......≈≈≈≈#
≈≈≈§≈≈≈.≈≈≈≈§≈§#
≈≈≈§≈≈≈@≈≈≈≈≈≈≈#
################


You could see an orc and a goblin.

Vanquished Creatures
  2 endoplasms (D:1)
  A goblin (D:1)
  2 kobolds (D:1)
  2 quokkas (D:1)
  A frilled lizard (D:1)
8 creatures vanquished.

Notes
Turn   | Place    | Note
-------+----------+-------------------------------------------
     0 | Abyss:1  | shoop the Merfolk Abyssal Knight began the quest for the
                  | Orb.
     0 | Abyss:1  | Reached XP level 1. HP: 18/18 MP: 2/2
    19 | D:1      | Escaped the Abyss
    68 | D:1      | Reached skill level 4 in Polearms
    68 | D:1      | Reached XP level 2. HP: 24/24 MP: 3/3
   398 | D:$      | Got out of the dungeon alive.

Illustrated notes

Levels and vault maps discovered:
D:1:      lordsloth_arrival_two_stooges, layout_basic,
          shapermc_ecumenical_altar_mp_urbaneastern

Skill      XL: |  1 |
---------------+----+-----
Polearms       | 4 |  4.2
Fighting       | |  3.2
Armour         | |  0.6
Dodging        | |  2.6
Invocations    | |  2.0

Action                   || total
-------------------------++-------
Melee: Spear             ||    35
Armor: Leather armour    ||     3
Dodge: Dodged            ||    20

Table legend: (Time is in decaauts)
 A = Elapsed time spent in this place.
 B = Non-inter-level travel time spent in this place.
 C = Inter-level travel time spent in this place.
 D = Time resting spent in this place.
 E = Time spent auto-exploring this place.
 F = Levels seen in this place.
 G = Mean time per level.
                   A        B        C        D        E       F      G
               +--------+--------+--------+--------+--------+-----+--------+
         Total |    391 |    335 |     56 |      0 |    267 |   2 |  195.5 |
       Dungeon |    375 |    319 |     56 |      0 |    260 |   1 |  375.0 |
         Abyss |     15 |     15 |      0 |      0 |      7 |   1 |   15.0 |
               +--------+--------+--------+--------+--------+-----+--------+

Top non-repeatable levels by time:
     D:1: 375 daAuts
 Abyss:1: 15 daAuts
